 Dungeon Crawl Stone Soup version 0.30.0 (webtiles) character file.

Game seed: 12847523973099847199

1306 JayGG the Cleaver (level 8, -1/66 HPs)
             Began as a Minotaur Berserker on May 6, 2023.
             Was a Priest of Trog.
             Slain by an orc warrior
             ... wielding a +0 battleaxe
              (17 damage)
             ... on level 7 of the Dungeon.
             The game lasted 00:16:27 (5557 turns).

JayGG the Cleaver (Minotaur Berserker)              Turns: 5557, Time: 00:16:28

Health: -1/66      AC: 11    Str: 29    XL:     8   Next: 32%
Magic:  7/7        EV:  8    Int:  4    God:    Trog [***...]
Gold:   328        SH:  0    Dex: 11    Spells: 7/7 levels left

rFire   . . .        x - +0 broad axe (flame)
rCold   . . .        (no shield)
rNeg    . . .        c - +0 plate armour
rPois   .            (helmet restricted)
rElec   .            (no cloak)
rCorr   .            (no gloves)
SInv    .            (no boots)
Will    +++..        (no amulet) Stlth
                     g - +6 ring of strength
HPRegen 1.31/turn    q - ring of willpower
MPRegen 0.10/turn

%: no passive effects
@: strong-willed, regenerating
A: horns 2, retaliatory headbutt
a: Renounce Religion, Berserk, Trog's Hand


You were on level 7 of the Dungeon.
You worshipped Trog.
Trog was most pleased with you.
You visited 1 branch of the dungeon, and saw 7 of its levels.

You collected 328 gold pieces.

Inventory:

Hand Weapons
 a - a +0 hand axe
 x - a +0 broad axe of flaming (weapon)
Missiles
 B - 2 poisoned darts (quivered)
Armour
 c - a +0 plate armour (worn)
Jewellery
 g - a +6 ring of strength (left hand)
 q - a ring of willpower (right hand)
 r - a ring of poison resistance
 u - a ring of magical power
 v - a ring of see invisible
Wands
 b - a wand of polymorph (8)
 y - a wand of paralysis (2)
Scrolls
 f - a scroll of immolation
 h - a scroll of fog
 i - 4 scrolls of teleportation {unknown}
 o - 2 scrolls of vulnerability {unknown}
 p - a scroll of magic mapping {unknown}
 s - 3 scrolls of enchant armour {unknown}
 t - a scroll of torment {unknown}
Potions
 e - 4 potions of heal wounds {unknown}
 j - 2 potions of ambrosia {unknown}
 k - 2 potions of degeneration {unknown}
 l - 4 potions of brilliance {unknown}
 m - a potion of lignification {unknown}
 n - 2 potions of might {unknown}
 w - a potion of haste {unknown}
 z - a potion of resistance {unknown}


   Skills:
 - Level 4.0 Fighting
 * Level 12.4 Axes
 - Level 2.4 Armour
 - Level 2.3 Dodging


You had 7 spell levels left.
You didn't know any spells.
Your spell library was empty.

Dungeon Overview and Level Annotations

Branches:
Dungeon (7/15)
 Temple: D:4-7

Altars:
Cheibriados
Uskayaw
Wu Jian
Yredelemnul
The Shining One

Shops:
D:4 !([


Innate Abilities, Weirdness & Mutations

You have a pair of horns on your head.
You reflexively headbutt those who attack you in melee.


Message History

The orc is heavily wounded.
The orc closely misses you.
You slash the orc! You burn the orc.
You kill the orc!
Trog accepts your kill.
You slash the orc warrior! You burn the orc warrior.
The orc warrior hits you with a +0 battleaxe!
You are too injured to fight recklessly!
You are too injured to fight recklessly!
You are too injured to fight recklessly!
Unknown command.
You are too injured to fight recklessly!
You hit the orc. You burn the orc. Your headbutt misses the orc.
The orc is heavily wounded.
You closely miss the orc warrior. The orc hits you with a +0 mace!
The orc warrior hits you but does no damage.
You slice the orc!! You burn the orc.
You kill the orc!
Trog accepts your kill.
You hit the orc warrior. You burn the orc warrior.
A hound comes into view.
The orc warrior hits you but does no damage.
Cleave: x) +0 broad axe (flame)
Press: ? - help, Dir - move target, f - orc warrior
Aim: an orc warrior, wielding a +0 battleaxe and wearing a +0 plate armour (severely wounded, about 40% to evade your +0 broad axe of flaming)
The hound barks!
You hit the orc warrior. You burn the orc warrior.
The orc warrior is almost dead.
The orc warrior hits you with a +0 battleaxe!!
Cleave: x) +0 broad axe (flame)
Press: ? - help, Dir - move target, f/p - orc warrior
Aim: an orc warrior, wielding a +0 battleaxe and wearing a +0 plate armour (almost dead, about 40% to evade your +0 broad axe of flaming)
You hit the orc warrior but do no damage.
The orc warrior is almost dead.
The orc warrior hits you with a +0 battleaxe!
* * * LOW HITPOINT WARNING * * *
Your skin crawls.
You feel strong-willed.
The orc warrior hits you with a +0 battleaxe!
You die...

........#####.......
..................)..###
...........#####.)..##
#.........#####..######
##.....#..#.............
#...........##.#.#######
#..............#.#
............###..#
......)@.....#..##
......o...##.#.##
.#.....#.......#
...#..####h......# .#
#.. #.......# ##.
......#... #
##......##.8 #>....... ⌠
..........


You could see an orc warrior and a hound.

Vanquished Creatures
  Sigmund (D:3)
  3 ice beasts
  A centaur (D:6)
  2 phantoms (D:5)
  2 hounds
  2 jellies (D:6)
  2 iguanas
  Terence (D:3)
  7 orc wizards
  4 gnolls (D:6)
  8 adders
  A shadow imp (D:7)
  3 white imps
  An ufetubus (D:4)
  A worm (D:5)
  2 dart slugs (D:4)
  20 orcs
  12 bats
  6 endoplasms
  5 giant cockroaches
  6 goblins
  3 hobgoblins
  10 jackals
  3 quokkas
  9 ball pythons
  3 frilled lizards
  8 kobolds
  2 rats (D:1)
128 creatures vanquished.

Notes
Turn   | Place    | Note
-------+----------+-------------------------------------------
     0 | D:1      | JayGG the Minotaur Berserker began the quest for the Orb.
     0 | D:1      | Reached XP level 1. HP: 19/19 MP: 0/0
   116 | D:1      | Reached XP level 2. HP: 16/27 MP: 1/1
   194 | D:1      | Reached skill level 4 in Axes
   470 | D:1      | Reached ** piety under Trog
   657 | D:1      | Reached XP level 3. HP: 29/33 MP: 2/2
   840 | D:2      | Found a faded altar of an unknown god.
   859 | D:2      | Reached skill level 5 in Axes
  1371 | D:3      | Noticed Terence
  1380 | D:3      | Killed Terence
  1381 | D:3      | Reached XP level 4. HP: 32/40 MP: 3/3
  1510 | D:3      | Reached skill level 6 in Axes
  1958 | D:3      | Reached XP level 5. HP: 40/46 MP: 4/4
  2039 | D:3      | Found a snail-covered altar of Cheibriados.
  2094 | D:3      | Found an ornate altar of the Wu Jian Council.
  2102 | D:3      | Reached *** piety under Trog
  2106 | D:3      | Noticed Sigmund
  2122 | D:3      | Killed Sigmund
  2123 | D:3      | Reached skill level 8 in Axes
  2123 | D:3      | Reached XP level 6. HP: 25/52 MP: 5/5
  2528 | D:4      | Found Nicwod's Armour Shop.
  2530 | D:4      | Found Qaheck's Weapon Emporium.
  2799 | D:4      | Found Del Qedd's Distillery.
  3076 | D:5      | Entered Level 5 of the Dungeon
  3187 | D:5      | Reached skill level 9 in Axes
  3237 | D:5      | Reached XP level 7. HP: 55/59 MP: 6/6
  3480 | D:5      | Reached skill level 10 in Axes
  3861 | D:6      | Found a basalt altar of Yredelemnul.
  3867 | D:6      | Found a glowing golden altar of the Shining One.
  3869 | D:6      | Noticed an angel
  3993 | D:6      | Reached skill level 11 in Axes
  4378 | D:6      | Reached XP level 8. HP: 25/66 MP: 7/7
  4943 | D:6      | Found a hide-covered altar of Uskayaw.
  5161 | D:6      | Reached skill level 12 in Axes
  5386 | D:6      | Noticed a profane servitor
  5557 | D:7      | Slain by an orc warrior

Illustrated notes

Levels and vault maps discovered:
D:1:      nzn_arrival_crosshair, layout_basic
D:2:      layout_loops_ring, hellmonk_ecumenical_altar_dog_temple,
          nicolae_figureground_pulse
D:3:      layout_loops_ring, nicolae_wu_jian_wuxing_cycle,
          mainiacjoe_overflow_tiny_flanked, uniq_terence, uniq_sigmund
D:4:      wander_river, layout_rooms, serial_shops, nicolae_shop_peninsula,
          nicolae_inconvenience_store, shop
D:5:      layout_loops_ring
D:6:      layout_loops_ring, grunt_temple_overflow_holy_war,
          amcnicky_altar_gilded
D:7:      layout_rooms, minmay_temple_entry_drinking_statues

Skill      XL: |  1  2  3  4  5  6  7  8 |
---------------+-------------------------+-----
Fighting       | 4 |  4.0
Axes           | 4 5 6 8 9 11 12 | 12.4
Armour         | |  2.4
Dodging        | |  2.3

Action                     |  1- 3 |  4- 6 |  7- 9 || total
---------------------------+-------+-------+-------++-------
  Melee: Hand axe          |    99 |   130 |     5 ||   234
         Headbutt          |     8 |    17 |    15 ||    40
         Punch             |     1 |       |       ||     1
         Broad axe         |       |       |    80 ||    80
 Invoke: Berserk           |       |     1 |     1 ||     2
         Trog's Hand       |       |     1 |     1 ||     2
    Use: Scroll            |     2 |     2 |     4 ||     8
 Armour: Animal skin       |    13 |       |       ||    13
         Ring mail         |    24 |    28 |       ||    52
         Plate armour      |       |    44 |    44 ||    88
  Dodge: Dodged            |    65 |    61 |    21 ||   147
